Unix NetHack Version 5.0.0-0 post-release - last build Jun 10 2026 00:39:30 (3ee93aec679c4c4259841fe613dc97188e26a321,branch:main).

Game began 2026-07-05 12:20:39, ended 2026-07-05 13:06:07.

HomunculusP, lawful male human Knight

                                     ------#
                   ------------      |....|#
       -------     |...@.u.....######|....|#         ---------
       |.....|####%...@.{.....|     #->....##########..(.....|
       |...%%.#    -------.----     #|....|#         |......{|       -----
       |.....|            #         #------##########.........#      |...|
       |.....|           ##         #####`#####      --.------#######....|
       -.-----          ##           #      # #######  #          ----...|
        #              ##            #      #       ######        |......|
        #              #             #      #            #######  |......|
        #              #             #      ##           #     ## |......|
       ##            --|--           #       ##  --------|------# |...----
       )             |...|           #        ## |.............|##-...|
    ---|--           |....######     #         ##|.............|  |...|
    |....|           |...|     #-----#          #|.............|  -----
    |%!%%|           |.(.|     #.....#          #..............|
    |)%%%|           -----      |...|            |.............|
    ------              #       |...|            ---------------
                                -----

HomunculusP the Esquire  St:13 Dx:9 Co:11 In:7 Wi:9 Ch:17  Lawful
Dlvl:3  $:55 HP:0(41) Pw:33(33) AC:5  Xp:4 T:3085  Stressed Stun

Latest messages:
 The giant bat bites!
 You miss the giant bat.
 The giant bat bites!
 The saddled pony misses the giant bat.
 The saddled pony misses the giant bat.
 The giant bat just misses!
 The giant bat bites!
 The saddled pony misses the giant bat.
 The saddled pony bites the giant bat.
 You kill the giant bat!
 You see here a giant bat corpse.
 There is a giant bat corpse here; eat it? [ynq] (n) y
 This giant bat corpse is gamey.
 You finish eating the giant bat corpse.
 You hit the saddled pony!
 The wererat picks up 4 darts.
 The wererat throws a dart!
 The dart misses the saddled pony.
 You are hit by a dart.
 The wererat throws a dart!
 The dart hits the saddled pony.
 The wererat throws a dart!
 You are hit by a dart.
 The saddled pony hits the wererat.
 The saddled pony bites the wererat.
 The wererat drinks a dark green potion!
 The wererat looks completely healed.
 The saddled pony hits the wererat.
 The saddled pony misses the wererat.
 The wererat hits the saddled pony.
 The wererat throws a dart!
 You are hit by a dart.
 The wererat hits!
 The wererat hits!
 What do you want to drink? [gtY or ?*] g
 Yecch!  This stuff tastes like poison.
 Your judgement is impaired.
 The wererat hits!
 The wererat hits!
 You don't have enough stamina to move.
 The wererat changes into a rat.
 The wererat misses!
 The wererat changes into a human.
 The wererat misses!
 You don't have enough stamina to move.
 The wererat hits!
 You die...
 Do you want your possessions identified? [ynq] (y) y
 Do you want to see your attributes? [ynq] (y) y
 Do you want an account of creatures vanquished? [ynaq] (y) q

Inventory:
 Coins    ('$')
  $ - 55 gold pieces
 Weapons  (')')
  a - a +1 long sword (weapon in right hand)
  o - a +1 lance
 Armor    ('[')
  d - an uncursed +0 helmet (being worn)
  n - an uncursed +2 orcish helm
  P - an uncursed +0 orcish helm
  U - an uncursed +0 orcish helm
  p - a cursed -3 orcish helm
  f - an uncursed burnt +0 pair of leather gloves (being worn)
  e - an uncursed burnt +0 small shield (being worn)
  m - an uncursed +0 plate mail
  c - an uncursed +1 ring mail (being worn)
 Comestibles  ('%')
  h - 3 uncursed carrots
  T - an uncursed partly eaten food ration
  x - 2 uncursed pears
 Scrolls  ('?')
  k - an uncursed scroll of destroy armor
  Z - an uncursed scroll of enchant weapon
  l - an uncursed scroll of light
  b - an uncursed scroll of remove curse
 Potions  ('!')
  t - an uncursed potion of healing
  Y - an uncursed potion of water
 Wands    ('/')
  W - a wand of create monster (0:11)
  V - a wand of stasis (0:0)
 Gems/Stones  ('*')
  j - an uncursed worthless piece of orange glass
  i - an uncursed worthless piece of violet glass

HomunculusP the Knight's attributes:

Background:
 You were an Esquire, a level 4 male human Knight.
 You were lawful, nominally on a mission for Lugh
 who was opposed by Brigit (neutral) and Manannan Mac Lir (chaotic).
 You were right-handed.
 You were in the Dungeons of Doom, on level 3.
 You entered the dungeon 3085 turns ago.
 You had 112 experience points, 48 more were needed to attain level 5.

Basics:
 You had 0 out of 41 hit points.
 You had all 33 energy points (spell power).
 Your armor class was 5.
 Your wallet contained 55 zorkmids.
 Autopickup was off.

Final Characteristics:
 Your strength was 13 (peak:16, limit:18/100).
 Your dexterity was 9 (limit:18).
 Your constitution was 11 (limit:18).
 Your intelligence was 7 (limit:18).
 Your wisdom was 9 (peak:15, limit:18).
 Your charisma was 17 (limit:18).

Final Status:
 You were stunned.
 You weren't hungry.
 You were stressed; movement was moderately slowed.
 You were wielding a long sword.
 You had basic skill with long sword.

Final Attributes:
 You were piously aligned.
 You could jump.
 You were warded.
 Your spell casting was impaired by metallic armor.
 You are dead.

Miscellaneous:
 You didn't encounter any bones levels.
 Total elapsed playing time was 45 minutes and 26 seconds.

Major events:
 Turn
    1: HomunculusP the lawful male human Knight entered the dungeon
 2039: attained the rank of Esquire (level 3)
 3085: killed by a wererat

Spells:
 Name                 Level Category     Fail Retention
 chain lightning        2   attack       100%  76%-100%

Skills:
 Fighting Skills
   bare handed combat [Unskilled]
   two weapon combat  [Unskilled]
   riding             [Basic]
 Weapon Skills
   dagger             [Unskilled]
   knife              [Unskilled]
   axe                [Unskilled]
   pick-axe           [Unskilled]
   short sword        [Unskilled]
   broadsword         [Unskilled]
   long sword         [Basic]
   two-handed sword   [Unskilled]
   saber              [Unskilled]
   club               [Unskilled]
   mace               [Unskilled]
   morning star       [Unskilled]
   flail              [Unskilled]
   hammer             [Unskilled]
   polearms           [Unskilled]
   spear              [Unskilled]
   trident            [Unskilled]
   lance              [Basic]
   bow                [Unskilled]
   crossbow           [Unskilled]
 Spellcasting Skills
   attack spells      [Unskilled]
   healing spells     [Unskilled]
   clerical spells    [Unskilled]

Voluntary challenges:
 Character rerolling was not enabled.
 You were an atheist.
 You never genocided any monsters.
 You never polymorphed an object.
 You never changed form.
 You used no wishes.
Achievements:
 You attained the rank of Esquire.
 You entered a shop.

 The Dungeons of Doom: levels 1 to 3
    Level 1:
       Some fountains.
    Level 2:
       Some fountains.
    Level 3: <- You were here.
       A vegetarian food shop, some fountains.
       Final resting place for
          you, killed by a wererat.


Vanquished creatures:
  a shrieker
  a floating eye
  a giant bat
  2 dwarf zombies
  2 gas spores
  a large kobold
  6 giant rats
  a yellow mold
  2 gnomes
  2 geckos
  8 jackals
  2 foxes
  2 kobolds
  6 goblins
  2 grid bugs
  3 lichens
  5 newts
47 creatures vanquished.

No species were genocided or became extinct.

Game over:
                       ----------
                      /          \
                     /    REST    \
                    /      IN      \
                   /     PEACE      \
                  /                  \
                  |   HomunculusP    |
                  |      55 Au       |
                  |   killed by a    |
                  |     wererat      |
                  |                  |
                  |                  |
                  |       2026       |
                 *|     *  *  *      | *
        _________)/\\_//(\/(/\)/\//\/|_)_______

Fare thee well HomunculusP the Knight...

You died in The Dungeons of Doom on dungeon level 3 with 668 points,
and 55 pieces of gold, after 3085 moves.
You were level 4 with a maximum of 41 hit points when you died.

